 Dungeon Crawl Stone Soup version 0.27-a0-1196-g3e9cee4cb2 (webtiles) character file.

Game seed: 11433218574409078276

4221 tilp the Summoner (level 10, -6/80 HPs)
             Began as a Barachi Summoner on May 27, 2021.
             Was a Follower of Okawaru.
             Mangled by a hornet (10 damage)
             ... while paralysed by a hornet
             ... on level 9 of the Dungeon.
             The game lasted 00:26:38 (14696 turns).

tilp the Summoner (Barachi Summoner)               Turns: 14696, Time: 00:26:39

Health: -6/80      AC: 12    Str: 13    XL:     10   Next: 30%
Magic:  18/19      EV:  2    Int: 16    God:    Okawaru [*.....]
Gold:   574        SH:  0    Dex: 12    Spells: 15/21 levels left

rFire    . . .     SeeInvis +   a - +4 scimitar (flame)
rCold    . . .     Faith    .   w - +0 buckler
rNeg     . . .     Spirit   .   J - +0 ring mail
rPois    .         Reflect  .   E - +2 helmet {SInv}
rElec    .         Harm     .   e - +0 cloak
rCorr    .         Rampage  +   m - +2 pair of gloves "Webomozi" {Rampage Stlth+}
Will     .....                  (no boots)
Stlth    +++.......             (no amulet)
HPRegen  0.23/turn              (no ring)
MPRegen  0.16/turn              (no ring)

@: paralysed, lethally poisoned (-6 -> -14), unable to hop, slowed, slow
A: amphibious, slowness 1, strong legs 1, +LOS
a: Hop, Renounce Religion, Heroism


You were on level 9 of the Dungeon.
You worshipped Okawaru.
Okawaru was aware of your devotion.
You visited 2 branches of the dungeon, and saw 10 of its levels.
You also visited: Ossuary.

You collected 574 gold pieces.

Inventory:

Hand Weapons
 a - a +4 scimitar of flaming (weapon)
 b - a +4 hand axe
 g - a +1 trident
 k - a +1 vorpal flail
 o - a +0 short sword of draining
 C - a +1 short sword of freezing
 F - a +0 hand axe of flaming
Missiles
 j - 17 poisoned darts (quivered)
 H - 2 boomerangs
Armour
 e - a +0 cloak (worn)
 m - the +2 pair of gloves "Webomozi" (worn) {Rampage Stlth+}
   (You acquired it on level 4 of the Dungeon)

   It bestows one free step when moving towards enemies.
   It makes you more stealthy.
 w - a +0 buckler (worn)
 E - a +2 helmet of see invisible (worn)
 J - a +0 ring mail (worn)
Wands
 i - a wand of paralysis (6)
 r - a wand of acid (20)
 t - a wand of digging (6)
 y - a wand of mindburst (15)
 B - a wand of iceblast (13)
Scrolls
 c - 3 scrolls of silence
 p - 2 scrolls of teleportation
 u - a scroll of blinking
 A - 3 scrolls of fog
 G - a scroll of magic mapping
 I - a scroll of identify
Potions
 d - 3 potions of haste
 f - 3 potions of cancellation
 l - a potion of attraction {unknown}
 n - 2 potions of brilliance {unknown}
 q - 4 potions of mutation
 s - a potion of ambrosia {unknown}
 v - 2 potions of might {unknown}
 x - a potion of lignification {unknown}
 z - a potion of berserk rage {unknown}
 D - 3 potions of curing {unknown}


   Skills:
 - Level 8.0 Fighting
 - Level 6.0 Dodging
 - Level 4.0 Stealth
 - Level 4.0 Shields
 - Level 6.0 Spellcasting
 - Level 10.0 Summonings
 * Level 3.3 Invocations
 - Level 4.0 Evocations


You had 15 spell levels left.
You knew the following spells:

 Your Spells              Type           Power      Damage    Failure   Level
a - Summon Small Mammal   Summ           100%       N/A       1%          1
b - Call Imp              Summ           36%        N/A       1%          2
c - Call Canine Familiar  Summ           36%        N/A       1%          3

Your spell library contained the following spells:

 Spells                   Type           Power      Damage    Failure   Level
 Summon Guardian Golem    Hex/Summ       20%        N/A       12%         3
 Animate Skeleton         Necr           8%         N/A       30%         1
 Corona                   Hex            4%         N/A       30%         1
 Magic Dart               Conj           16%        1d3       30%         1
 Pain                     Necr           16%        1d4       30%         1
 Sandblast                Erth           8%         2d5       30%         1
 Shock                    Conj/Air       16%        1d4       30%         1
 Summon Ice Beast         Ice/Summ       20%        N/A       36%         4
 Summon Lightning Spire   Summ/Air       20%        N/A       36%         4
 Blink                    Tloc           N/A        N/A       41%         2
 Passwall                 Tmut/Erth      3%         N/A       41%         2
 Searing Ray              Conj           8%         3d3       41%         2
 Slow                     Hex            4%         N/A       41%         2
 Static Discharge         Conj/Air       4%         N/A       41%         2
 Shadow Creatures         Summ           N/A        N/A       58%         6
 Conjure Flame            Conj/Fire      4%         6-21      65%         3
 Dazzling Flash           Conj/Hex       8%         N/A       65%         3
 Inner Flame              Hex/Fire       4%         N/A       65%         3
 Mephitic Cloud           Conj/Pois/Air  4%         N/A       65%         3
 Portal Projectile        Hex/Tloc       8%         N/A       65%         3
 Stone Arrow              Conj/Erth      8%         3d7       65%         3
 Swiftness                Air            4%         N/A       65%         3
 Vampiric Draining        Necr           2%         2d6       65%         3
 Summon Forest            Summ/Tloc      10%        N/A       71%         5
 Summon Mana Viper        Hex/Summ       20%        N/A       71%         5
 Airstrike                Air            2%         N/A       96%         4
 Animate Dead             Necr           2%         N/A       96%         4
 Cause Fear               Hex            2%         N/A       96%         4
 Fulminant Prism          Conj/Hex       2%         3d6       96%         4
 Iskenderun's Mystic Bla  Conj/Tloc      4%         2d3       96%         4
 Leda's Liquefaction      Hex/Erth       2%         N/A       96%         4
 Petrify                  Tmut/Erth      4%         N/A       96%         4
 Summon Hydra             Summ           18%        N/A       99%         7
 Agony                    Necr           4%         N/A       100%        5
 Lee's Rapid Deconstruct  Erth           2%         3d5*      100%        5
 Lightning Bolt           Conj/Air       2%         1d13      100%        5


Dungeon Overview and Level Annotations

Branches:
Dungeon (9/15)             Temple (1/1) D:6         Ossuary (visited)
   Lair: D:8-11         Orc: D:9-12

Altars:
Ashenzari
Cheibriados
Dithmenos
Elyvilon
Fedhas
Gozag
Hepliaklqana
Kikubaaqudgha
Makhleb
Nemelex Xobeh
Okawaru
Qazlal
Ru
Sif Muna
Trog
Uskayaw
Wu Jian
Xom
Yredelemnul
Zin
The Shining One

Shops:
D:3 =

Annotations:
D:3 Grinder


Innate Abilities, Weirdness & Mutations

You are amphibious.
You cover ground slowly.
You can hop short distances.
You have an extended range of vision and can be seen from far away.


Message History

Unknown command.
Your surroundings seem slightly different.
You feel sick.
The hornet stings your crimson imp but does no damage. x2
Your crimson imp misses the hornet.
The hornet stings your crimson imp.
Your crimson imp dies!
You block the howler monkey zombie's attack.
The hornet buzzes angrily.
You hit the hornet but do no damage.
The hornet is heavily wounded.
You feel very sick.
The hornet closely misses you. x2; You riposte.
You slash the hornet! You burn the hornet.
The hornet is almost dead.
You block the howler monkey zombie's attack.
The hornet stings you.
* * * LOW HITPOINT WARNING * * *
You feel as though you will be slow longer.
The howler monkey zombie hits you but does no damage.
Unknown command.
You barely miss the hornet.
The hornet is almost dead.
You feel sick.
The hornet stings you but does no damage.
The hornet stings you!
* * * LOW HITPOINT WARNING * * *
You are more poisoned.
You feel as though you will be slow longer.
The howler monkey zombie hits you but does no damage.
The hornet completely misses you.
You block the howler monkey zombie's attack.
Unknown command.
You miss the hornet.
The hornet is almost dead.
* * * LOW HITPOINT WARNING * * *
You feel very sick. The hornet stings you.
* * * LOW HITPOINT WARNING * * *
You suddenly lose the ability to move!
The hornet stings you!
You die...

......# .....[+ ......#
......# ......# ####'## ##.#
##<.# #######+## ###+######
#).## #.......@# #.......>#
##'## #......Zy####........#
....# #........'.##........#
....#####........#.##.......)+
....'...'........#.##........#
.[..#####?.......#..'........#
##### #........####........# #
##+####### ###'###### ####
#....#


You could see a hornet and a howler monkey zombie.

Vanquished Creatures
  A hornet (D:8)
  A wyvern (D:8)
  A steam dragon (D:8)
  Menkaure (D:7)
  A water moccasin (D:7)
  2 orc warriors
  3 necrophages
  A lemure (D:7)
  3 centaurs
  3 bullfrogs
  An elf zombie (Ossuary)
  2 wyvern zombies
  2 scorpions
  4 killer bees (D:9)
  5 howler monkeys (D:7)
  2 orc priests
  2 human zombies (Ossuary)
  A jelly (D:6)
  Crazy Yiuf (D:5)
  A centaur zombie (Ossuary)
  A bullfrog skeleton (D:4)
  A nameless horror (D:4)
  A howler monkey zombie (D:9)
  An adder (D:3)
  2 ufetubi
  An adder skeleton (D:4)
  A dart slug (D:1)
  20 orcs
  5 bats
  4 endoplasms
  3 goblins
  5 hobgoblins
  8 kobolds
  A quokka (D:2)
  5 ball pythons
  2 frilled lizards (D:1)
  3 rats
102 creatures vanquished.

Vanquished Creatures (collateral kills)
  Erica (D:9)
  Pikel (D:7)
  Sigmund (D:4)
  A wyvern (D:7)
  Eustachio (D:4)
  An orc warrior (D:8)
  A sky beast (D:8)
  An ice beast (D:6)
  A centaur (D:9)
  A necrophage (D:6)
  A lemure (D:7)
  A phantom (D:6)
  A kobold brigand (D:7)
  A bullfrog (D:6)
  A wyvern skeleton (D:7)
  A water moccasin skeleton (D:6)
  A killer bee (D:9)
  2 bullfrog zombies
  6 centaur zombies
  2 orc priests
  5 hounds
  3 human zombies (Ossuary)
  An iguana (D:5)
  A bullfrog skeleton (D:6)
  2 orc wizards
  3 mummies (Ossuary)
  A gnoll (D:3)
  2 adders
  A worm (D:2)
  13 orcs
  2 endoplasms (D:1)
  2 giant cockroaches (D:1)
  5 hobgoblins (D:1)
  A quokka (D:4)
  3 bats
  A frilled lizard (D:1)
  4 goblins
  2 kobolds
  2 rats (D:1)
81 creatures vanquished.

Vanquished Creatures (others)
  An orc priest (D:6)
  An orc (D:6)
2 creatures vanquished.

Grand Total: 185 creatures vanquished

Notes
Turn   | Place    | Note
-------+----------+-------------------------------------------
     0 | D:1      | tilp the Barachi Summoner began the quest for the Orb.
     0 | D:1      | Reached XP level 1. HP: 13/13 MP: 3/3
     0 | D:1      | Noticed an electric eel
   183 | D:1      | Reached skill level 1 in Fighting
   413 | D:1      | Reached XP level 2. HP: 22/22 MP: 3/5
   416 | D:1      | Learned a level 2 spell: Call Imp
  1082 | D:1      | Reached XP level 3. HP: 16/28 MP: 6/6
  1213 | D:1      | Learned a level 3 spell: Call Canine Familiar
  1287 | D:1      | Found a faded altar of an unknown god.
  1679 | D:2      | Reached skill level 5 in Summonings
  1732 | D:2      | Reached XP level 4. HP: 21/35 MP: 1/8
  2040 | D:2      | Found a glowing golden altar of the Shining One.
  2926 | D:3      | Noticed Grinder
  3284 | D:3      | Reached skill level 6 in Summonings
  3284 | D:3      | Reached XP level 5. HP: 23/41 MP: 4/9
  3574 | D:3      | Found Tysti's Jewellery Shop.
  4074 | D:3      | Found a snail-covered altar of Cheibriados.
  4078 | D:3      | Found a glowing silver altar of Zin.
  4081 | D:3      | Found a blossoming altar of Fedhas.
  4222 | D:4      | Noticed Sigmund
  4231 | D:4      | Killed Sigmund
  4232 | D:4      | Reached XP level 6. HP: 47/48 MP: 0/10
  4370 | D:4      | Noticed a necrophage
  5113 | D:4      | Noticed Eustachio
  5217 | D:4      | Killed a necrophage
  5575 | D:4      | Identified 2 scrolls of acquirement
  5575 | D:4      | Acquired the +2 pair of gloves "Webomozi" {Rampage Stlth+}
  5582 | D:4      | Acquired a book of Summonings
  5650 | D:4      | Killed Eustachio
  5651 | D:4      | Reached skill level 1 in Shields
  5651 | D:4      | Reached XP level 7. HP: 37/54 MP: 5/11
  5753 | D:5      | Entered Level 5 of the Dungeon
  7017 | D:5      | Found a runed translucent door.
  7018 | D:5      | Noticed Crazy Yiuf
  7293 | D:5      | Killed Crazy Yiuf
  7707 | D:6      | Reached XP level 8. HP: 48/60 MP: 3/13
  8010 | D:6      | Reached skill level 7 in Summonings
  8800 | D:6      | Reached skill level 8 in Summonings
  8807 | D:6      | Reached skill level 1 in Evocations
  9015 | D:6      | Found a staircase to the Ecumenical Temple.
  9703 | D:7      | Found a shadowy altar of Dithmenos.
  9778 | D:7      | Reached skill level 5 in Fighting
  9784 | D:7      | Found a sand-covered staircase.
 10020 | Ossuary  | Entered an ossuary
 10166 | Ossuary  | Reached XP level 9. HP: 65/69 MP: 8/15
 10878 | D:7      | Reached skill level 5 in Spellcasting
 10890 | D:7      | Noticed Menkaure
 10905 | D:7      | Reached skill level 9 in Summonings
 10908 | D:7      | Killed Menkaure
 11554 | D:7      | Noticed Pikel
 11579 | D:7      | Killed Pikel
 11580 | D:7      | Reached skill level 10 in Summonings
 11989 | Temple   | Entered the Ecumenical Temple
 12085 | Temple   | Became a worshipper of Warmaster Okawaru
 12109 | D:6      | Acquired a +2 helmet of see invisible
 12340 | D:8      | Noticed a hornet
 12355 | D:8      | Paralysed by a hornet for 1 turns
 12357 | D:8      | Killed a hornet
 12358 | D:8      | Reached skill level 5 in Dodging
 12829 | D:8      | Reached XP level 10. HP: 70/79 MP: 19/19
 12956 | D:8      | Found a shimmering blue altar of Sif Muna.
 13631 | D:8      | Found a sparkling altar of Nemelex Xobeh.
 13631 | D:8      | Found an opulent altar of Gozag.
 14018 | D:9      | Noticed Erica
 14029 | D:9      | Killed Erica
 14305 | D:9      | Reached * piety under Okawaru
 14687 | D:9      | Paralysed by a hornet for 3 turns
 14696 | D:9      | HP: 4/80 [hornet (6)]
 14696 | D:9      | Paralysed by a hornet for 2 turns
 14696 | D:9      | Mangled by a hornet

Illustrated notes

Levels and vault maps discovered:
D:1:      arrival_aquarium_a, layout_basic, chequers_ecumenical_altar_lobes
D:2:      cheibrodos_pilgrimage, layout_rooms, basic_altar
D:3:      layout_rooms, minmay_overflow_temple_star_quad, serial_shops,
          shop_statue, palyth_stone_intersect, cheibrodos_gnoll_hut,
          uniq_grinder
D:4:      layout_rooms, grunt_decor_clamped, minmay_misc_feat_rows, st_stairs_1,
          uniq_eustachio, uniq_sigmund
D:5:      layout_layer_cave, feat_on_display, uniq_crazy_yiuf_cottage
D:6:      layout_layer_cave, minmay_temple_entry_large_hall
D:7:      layout_rooms, amcnicky_altar_gilded, enter_ossuary_1, uniq_menkaure,
          uniq_pikel
D:8:      layout_loops_cross, minitemple
D:9:      layout_roguey, uniq_erica
Temple:   jpeg_temple_clearing

Skill      XL: |  1  2  3  4  5  6  7  8  9 10 |
---------------+-------------------------------+-----
Fighting       | 1 3 4 6 7 8 |  8.0
Summonings     | 5 6 8 10 | 10.0
Spellcasting   | 3 4 6 |  6.0
Stealth        | 2 4 |  4.0
Dodging        | 3 4 5 6 |  6.0
Shields        | 1 4 |  4.0
Evocations     | 4 |  4.0
Invocations    | 3 |  3.3

Action                   |  1- 3 |  4- 6 |  7- 9 | 10-12 || total
-------------------------+-------+-------+-------+-------++-------
Melee: Club              |     7 |       |       |       ||     7
       Unarmed           |     2 |       |       |       ||     2
       Short sword       |    47 |    16 |       |       ||    63
       Hand axe          |       |   177 |   318 |    27 ||   522
       Scimitar          |       |       |       |    34 ||    34
Throw: Dart              |       |       |     2 |     5 ||     7
 Cast: Summon Small Mamm |    21 |     3 |     2 |       ||    26
       Call Imp          |    12 |    25 |    49 |     8 ||    94
       Call Canine Famil |       |    12 |    43 |     7 ||    62
 Abil: Hop               |       |     2 |     1 |     1 ||     4
Evoke: Wand              |       |       |     7 |       ||     7
  Use: Scroll            |     3 |     6 |     9 |     3 ||    21
       Potion            |       |     1 |     2 |     2 ||     5
 Stab: Sleeping          |       |     2 |     5 |     2 ||     9
       Distracted        |       |       |     4 |     2 ||     6
Armor: Robe              |     9 |       |   114 |     2 ||   125
       Leather armour    |       |    58 |     6 |       ||    64
       Ring mail         |       |       |       |    26 ||    26
Dodge: Dodged            |    42 |   189 |   236 |    53 ||   520
Block: Buckler           |       |       |    78 |    36 ||   114
       Rpst.: Scimitar   |       |       |       |     8 ||     8

Table legend: (Time is in decaauts)
 A = Elapsed time spent in this place.
 B = Non-inter-level travel time spent in this place.
 C = Inter-level travel time spent in this place.
 D = Time resting spent in this place.
 E = Time spent auto-exploring this place.
 F = Levels seen in this place.
 G = Mean time per level.
                   A        B        C        D        E       F      G
               +--------+--------+--------+--------+--------+-----+--------+
         Total |  16100 |  15266 |    834 |   5149 |   7799 |  11 | 1463.6 |
       Dungeon |  15348 |  14568 |    780 |   4847 |   7575 |   9 | 1705.3 |
        Temple |    142 |     89 |     53 |      0 |     86 |   1 |  142.0 |
       Ossuary |    610 |    610 |      0 |    302 |    137 |   1 |  610.0 |
               +--------+--------+--------+--------+--------+-----+--------+

Top non-repeatable levels by time:
     D:6: 2799 daAuts
     D:5: 1960 daAuts
     D:8: 1858 daAuts
     D:1: 1828 daAuts
     D:4: 1760 daAuts
     D:7: 1593 daAuts
     D:2: 1512 daAuts
     D:3: 1163 daAuts
     D:9: 871 daAuts
 Ossuary: 610 daAuts
  Temple: 142 daAuts
